 Dungeon Crawl Stone Soup version 0.16-a0-2181-g738d42f (webtiles) character file.

46 DeadlyAgamemnon the Sneak (level 3, 0/18 HPs)
             Began as a Vine Stalker Assassin on Nov 14, 2014.
             Slain by a worm (4 damage)
             ... on level 2 of the Dungeon.
             The game lasted 00:02:10 (1139 turns).

DeadlyAgamemnon the Sneak (Vine Stalker Assassin)   Turns: 1139, Time: 00:02:10

Health: 0/18       AC:  3    Str: 13    XL:     3   Next: 66%
Magic:  0/4        EV: 12    Int: 11    God:
Gold:   17         SH:  0    Dex: 16    Spells: 0 memorised, 2 levels left

rFire  . . .     SeeInvis .     a - +2 dagger
rCold  . . .     Clarity  .     c - +0 robe
rNeg   . . .     SustAb   +     (no shield)
rPois  .         Gourm    .     (no helmet)
rElec  .         Spirit   +     d - +0 cloak
rCorr  .         Warding  .     (no gloves)
rMut   .         Stasis   .     (no boots)
MR     .....                    (no amulet)
Stlth  +++.......               (no ring)
                                r - ring of sustain abilities

@: not resistant to hostile enchantments, fairly stealthy
A: fangs 2, regeneration 1, magic shield, antimagic bite, no device heal 3, rot
immunity
a: no special abilities


You were on level 2 of the Dungeon.
You were hungry.

You visited 1 branch of the dungeon, and saw 2 of its levels.

You collected 17 gold pieces.

Inventory:

Hand weapons
 a - a +2 dagger (weapon)
 b - a +0 blowgun
 q - a +0 spear of flaming
Missiles
 e - 8 poisoned needles
 f - 2 curare-tipped needles
 l - 8 needles of confusion
Armour
 c - a +0 robe (worn)
 d - a +0 cloak (worn)
Jewellery
 r - a ring of sustain abilities (left hand)
Scrolls
 i - 3 scrolls of identify
 j - a scroll of blinking {unknown}
 s - a scroll of enchant armour {unknown}
 t - a scroll of immolation {unknown}
 u - a scroll of teleportation {unknown}
 v - a scroll of fog {unknown}
 w - a scroll of amnesia {unknown}
Potions
 k - a potion of invisibility {unknown}
 m - 2 potions of flight {unknown}
 o - a potion of curing {unknown}
 p - a potion of lignification {unknown}
Books
 n - a book of the Earth

   Spells                             Type                      Level
   Leda's Liquefaction                Hexes/Earth                  4
   Bolt of Magma                      Conjuration/Fire/Earth       5
   Statue Form                        Transmutation/Earth          6
   Iron Shot                          Conjuration/Earth            6
   Shatter                            Earth                        9
Comestibles
 g - a bread ration
 h - a meat ration


   Skills:
 + Level 2.1 Fighting
 + Level 1.7 Short Blades
 + Level 1.7 Throwing
 + Level 1.2 Dodging
 + Level 6.0 Stealth


You had 2 spell levels left.
You didn't know any spells.

Dungeon Overview and Level Annotations

Branches:
Dungeon (2/15)

Altars:


Innate Abilities, Weirdness & Mutations

You have extremely sharp teeth.
Your natural rate of healing is unusually fast.
When hurt, damage is shared between your health and your magic reserves.
Your bite disrupts and absorbs the magic of your enemies.
Potions and wands cannot restore your health.
You are immune to rotting.


Message History

You hit the worm but do no damage.
The worm is heavily wounded.
The worm closely misses you.
You hit the worm but do no damage. You bite the worm. You drain its power.
You feel invigorated.
The worm is heavily wounded.
You hit the worm. Your bite misses the worm.
The worm is heavily wounded.
The worm bites you.
* * * LOW HITPOINT WARNING * * *
You barely miss the worm. You bite the worm, but do no damage.
The worm is heavily wounded.
You barely miss the worm. You bite the worm. You drain its power.
You feel invigorated.
The worm is severely wounded.
The worm closely misses you.
You hit the worm. Your bite misses the worm.
The worm is severely wounded.
The worm bites you!
You die...

.....#.# #.# #.#. ######.# #.#
#...
######.###########.###########.#.
........>........................
######...........#.#######..####.
########.#######.#.########.###†.
......................)........#.
################.##########.###..
#@# #.####< #w# #..##.. #.#
###.###. #.# #....#.. #.#
#....##. #.# #....#.. #.#
####..#. #.# ##... #.# #.#.


You could see a worm.

Vanquished Creatures
  2 adders (D:2)
  A worm (D:2)
  An ooze (D:1)
  2 ball pythons
  A giant cockroach (D:1)
  5 goblins
  5 jackals (D:1)
  2 kobolds (D:1)
  4 rats
23 creatures vanquished.

Notes
Turn   | Place    | Note
--------------------------------------------------------------
     0 | D:1      | DeadlyAgamemnon, the Vine Stalker Assassin, began the quest for the Orb.
     0 | D:1      | Reached XP level 1. HP: 11/11 MP: 1/1
    26 | D:1      | Reached skill level 5 in Stealth
   145 | D:1      | Reached XP level 2. HP: 9/15 MP: 3/3
   272 | D:1      | Reached skill level 1 in Dodging
   757 | D:2      | Reached XP level 3. HP: 18/18 MP: 4/4
   924 | D:2      | Reached skill level 6 in Stealth
  1139 | D:2      | Slain by a worm

Action                   || total
-------------------------++-------
Melee: Dagger            ||    84
  Use: Scroll            ||     2
 Stab: Sleeping          ||     5
